 Dungeon Crawl Stone Soup version 0.27.0-1-g7a089689b8 (webtiles) character file.

Game seed: 2786704510259341853

53 Descartes the Covert (level 3, -1/17 HPs)
             Began as a Felid Delver on Aug 13, 2021.
             Frozen to death by an endoplasm (2 damage)
             ... on level 4 of the Dungeon.
             The game lasted 00:02:26 (423 turns).

Descartes the Covert (Felid Delver)                  Turns: 423, Time: 00:02:27

Health: -1/17      AC:  1    Str:  9    XL:     3   Next: 64%
Magic:  4/4        EV: 17    Int: 11    God:
Gold:   16         SH:  0    Dex: 17    Spells: 2/2 levels left
                                        Lives:  0   Deaths: 1

rFire    . . .     SeeInvis +     - Unarmed
rCold    . . .     Faith    .   (shield unavailable)
rNeg     . . .     Spirit   .   (armour unavailable)
rPois    .         Reflect  .   (helmet unavailable)
rElec    .         Harm     .   (cloak unavailable)
rCorr    .         Rampage  .   (gloves unavailable)
Will     .....                  (boots unavailable)
Stlth    ++++......             (no amulet)
HPRegen  0.05/turn              (no ring)
MPRegen  0.09/turn              (no ring)

@: quick
A: very small, claws 1, fangs 3, see invisible, speed 1, shaggy fur 1, stealthy
paws, no weapons or thrown items, no armour, multi-lived
a: no special abilities


You were on level 4 of the Dungeon.
You visited 1 branch of the dungeon, and saw 2 of its levels.

You collected 16 gold pieces.

Inventory:

Jewellery
 f - an amulet of faith
Wands
 e - a wand of digging (3)
Scrolls
 a - a scroll of fog
 b - a scroll of magic mapping
 c - a scroll of fear
Potions
 d - a potion of haste


   Skills:
 - Level 3.0 Fighting
 - Level 2.6 Dodging
 + Level 9.2 Stealth
 - Level 2.0 Unarmed Combat


You had 2 spell levels left.
You didn't know any spells.
Your spell library was empty.

Dungeon Overview and Level Annotations

Branches:
Dungeon (5/15)
 Temple: D:4-7

Altars:

Annotations:
D:4 Blork the orc, Edmund


Innate Abilities, Weirdness & Mutations

You have sharp claws.
You have razor-sharp teeth.
You have supernaturally acute eyesight. (SInv)
You cover ground quickly. (Speed+)
You are covered in fur. (AC +1)
Your paws help you pounce on unaware monsters.
You are incapable of wielding weapons or throwing items.
You cannot wear armour.
You gain extra lives every three experience levels.


Message History

The ball python hisses angrily.
You barely miss the ball python. Your bite misses the ball python.
The ball python bites you. The ball python barely misses you.
You scratch the ball python but do no damage.
The ball python closely misses you. The ball python grabs you.
The ball python constricts you. The ball python bites you.
The ball python constricts you.
You scratch the ball python.
You kill the ball python!
You open the door.
A goblin comes into view. It is wielding a +0 club.
Found 9 gold pieces.
A hobgoblin comes into view.
Found a stone staircase leading down.
There is an open door here.
Found a stone staircase leading up.
There is a fountain of clear blue water here.
You pounce on the unaware helpless goblin!
You mangle the goblin!!
You kill the goblin!
Blork the orc comes into view.
He is wielding a +0 trident.
The helpless hobgoblin fails to defend itself.
You mangle the hobgoblin!!
You kill the hobgoblin!
There is a fountain of clear blue water here.
An endoplasm, an ogre and a skeleton come into view.
The endoplasm quivers.
Edmund the Younger comes into view.
He is wielding a +1 flail of holy wrath and wearing a +0 ring mail of cold resistance.
The endoplasm closely misses you.
The helpless Edmund fails to defend himself.
You mangle Edmund!!
Edmund is heavily wounded.
Edmund hits you with a +1 flail of holy wrath.
You scratch Edmund.
Edmund is severely wounded.
Edmund hits you with a +1 flail of holy wrath.
* * * LOW HITPOINT WARNING * * *
The endoplasm freezes you.
You are frozen.
You die...

#.###...### #.
#.....o...# #.. ..#
#...#)$..........
...#...###....>....#
.
#.#.....###.....###
..#........###.⌠.##
..........###.....#
........###....<....
........#.J@........
........o.⌠@..###..
........#...###
........##+##
......OZ# ........#
........# ...#....#
#.#.###


You could see Edmund, Blork the orc and an endoplasm.

Vanquished Creatures
  A scorpion (D:5)
  A hound (D:5)
  An ufetubus (D:4)
  An adder skeleton (D:5)
  A ball python (D:4)
  An endoplasm (D:4)
  A goblin (D:4)
  A hobgoblin (D:4)
  A quokka (D:5)
9 creatures vanquished.

Notes
Turn   | Place    | Note
-------+----------+-------------------------------------------
     0 | D:5      | Descartes the Felid Delver began the quest for the Orb.
     0 | D:5      | Reached XP level 1. HP: 10/10 MP: 2/2
     3 | D:5      | Noticed a scorpion
    11 | D:5      | Killed a scorpion
    12 | D:5      | Reached skill level 8 in Stealth
    12 | D:5      | Reached XP level 2. HP: 14/14 MP: 3/3
    12 | D:5      | Reached XP level 3. HP: 17/17 MP: 4/4
    72 | D:5      | Reached skill level 9 in Stealth
    72 | D:5      | Reached XP level 4. HP: 21/21 MP: 5/5
   197 | D:5      | Noticed an ogre
   292 | D:5      | Killed from afar by an orc priest
   293 | D:5      | Reached XP level 3. HP: -3/17 MP: 4/4
   373 | D:4      | Noticed a lemure
   402 | D:4      | Noticed Blork the orc
   414 | D:4      | Noticed an ogre
   417 | D:4      | Noticed Edmund
   423 | D:4      | Frozen to death by an endoplasm

Illustrated notes

Levels and vault maps discovered:
D:4:      layout_basic, hex_large, serial_park_tiny_2, grunt_ministairs_13,
          minmay_manual_mullet, uniq_pikel, uniq_edmund, uniq_blork_the_orc
D:5:      layout_gridville, led_sif_book, mainiacjoe_overflow_alcove_4,
          minmay_statues_item, uniq_menkaure

Skill      XL: |  1  2  3 |
---------------+----------+-----
Stealth        | 8 9 |  9.2
Fighting       | |  3.0
Dodging        | |  2.6
Unarmed Combat | |  2.0

Action                   |  1- 3 |  4- 6 || total
-------------------------+-------+-------++-------
Melee: Unarmed           |    12 |    10 ||    22
       Bite              |       |     1 ||     1
 Stab: Sleeping          |     6 |       ||     6
Dodge: Dodged            |     4 |     7 ||    11
